Map: Abyssal Reef LE

Players

Stephano - Winner!

  • Race: Zerg Zerg
  • Spawn Location: 11:00

BackupA

  • Race: Zerg Zerg
  • Spawn Location: 5:00

Event: WCS Valencia 2017

VOD

Have the link to the VOD?

Description

Time

  • Played on: July 13, 2017, 6:36 a.m.
  • Length: 4:42

All games in this series

Show
View Real Time Build Order
Export as new Build Order

Stephano Zerg - Winner!

Build Orders: Pool First 

Get SALT Encoding   

  12  0:18  Spawning Pool  
  11  0:21  Drone  
  11  0:27  Drone  
  13  0:36  Drone  
  13  0:42  Overlord  
  14  1:05  Zergling x6  
  17  1:16  Zergling x2  
  18  1:20  Hatchery  
  17  1:27  Zergling x2  
  18  1:34  Queen  
  18  1:39  Zergling x2  
  21  1:43  Extractor  
  20  1:50  Overlord  
  20  2:00  Drone  
  21  2:10  Queen  
  21  2:15  Drone  
  23  2:25  Drone  
  24  2:36  Drone  
  21  2:43  Drone x2  
  23  2:45  Metabolic Boost  
  23  2:51  Drone x2  
  24  3:00  Zergling x4  
  26  3:10  Baneling Nest  
  26  3:11  Drone  
  26  3:15  Drone  
  26  3:18  Overlord  
  27  3:24  Drone  
  27  3:26  Drone  
  29  3:29  Zergling x2  
  29  3:33  Zergling x2  
  31  3:35  Zergling x2  
  31  3:38  Zergling x2  
  33  3:43  Drone  
  33  3:44  Drone  
  35  3:49  Drone x2  
  35  3:52  Drone  
  38  3:59  Zergling x6  
  41  4:03  Zergling x2  
  41  4:04  Zergling x2  
  41  4:07  Zergling x2  
  43  4:12  Baneling x3  
  43  4:14  Overlord  
  43  4:24  Overlord  
Show
View Real Time Build Order
Export as new Build Order

BackupA Zerg 

Build Orders: Hatch First 

Get SALT Encoding   

  12  0:00  Drone  
  13  0:13  Overlord  
  13  0:17  Drone  
  14  0:31  Drone x2  
  14  0:35  Drone  
  17  0:55  Hatchery  
  16  0:57  Drone  
  16  0:59  Extractor  
  16  1:00  Drone  
  17  1:15  Spawning Pool  
  17  1:17  Drone  
  17  1:21  Drone  
  18  1:29  Drone  
  19  1:42  Overlord  
  19  2:06  Zergling x4  
  19  2:07  Queen  
  19  2:08  Zergling x2  
  20  2:16  Zergling x2  
  16  2:39  Zergling x2  
  16  2:42  Drone x2  
  18  2:56  Drone  
  18  2:57  Drone  
  20  3:04  Drone  
  21  3:10  Drone x2  
  23  3:16  Drone  
  24  3:20  Overlord  
  24  3:24  Drone  
  25  3:29  Drone x2  
  27  3:35  Drone  
  27  3:39  Drone x2  
  30  3:53  Drone  
  31  3:58  Hatchery  
  30  4:04  Queen  
  32  4:11  Drone x2  
  32  4:15  Drone x2  
  36  4:21  Evolution Chamber  
  36  4:23  Zergling x2  
Tags
 
Add a new tag
Caveats
  • Supply blocks, unpowered buildings, or Contaminate may cause inaccurate times.
  • Supply counts are checked every 10 seconds.